 Dungeon Crawl Stone Soup version 0.20.0 (webtiles) character file.

3376 MatthieuS the Carver (level 9, -8/85 HPs)
             Began as a Minotaur Monk on July 19, 2017.
             Was an Elder of Okawaru.
             Mangled by a two-headed ogre
             ... wielding a +0 giant club
              (24 damage)
             ... on level 9 of the Dungeon.
             The game lasted 00:22:36 (8010 turns).

MatthieuS the Carver (Minotaur Monk)                Turns: 8010, Time: 00:22:37

Health: -8/85      AC:  8    Str: 19 (21) XL:     9   Next: 74%
Magic:  8/8        EV: 12    Int:  7 (9)  God:    Okawaru [****..]
Gold:   355        SH:  3    Dex: 11      Spells: 8/8 levels left

rFire    . . .     SeeInvis .   a - +1 long sword
rCold    + . .     Gourm    .   x - +0 buckler
rNeg     . . .     Faith    .   e - +3 leather armour {rC+}
rPois    .         Spirit   .   (helmet unavailable)
rElec    .         Reflect  .   H - +0 cloak
rCorr    .         Harm     .   o - +0 pair of gloves
MR       .....                  (no boots)
Stlth    +.........             B - amulet of regeneration
Regen    0.7/turn               z - ring of wizardry
MPRegen  0.2/turn               (no ring)

@: no status effects
A: retaliatory headbutt, horns 3, clever 1, clumsy 1, deterioration 1, strong 1
a: Heroism, Renounce Religion


You were on level 9 of the Dungeon.
You worshipped Okawaru.
Okawaru was greatly pleased with you.
You were not hungry.

You visited 2 branches of the dungeon, and saw 10 of its levels.

You collected 454 gold pieces.
You spent 99 gold pieces at shops.

Inventory:

Hand Weapons
 a - a +1 long sword (weapon)
 g - a +1 short sword of draining
 i - a +2 dagger of venom
Missiles
 f - 209 stones (quivered)
 G - 21 sling bullets
Armour
 e - a +3 leather armour of cold resistance (worn)
 o - a +0 pair of gloves (worn)
 x - a +0 buckler (worn)
 H - a +0 cloak (worn)
Jewellery
 z - a ring of wizardry (left hand)
 B - an amulet of regeneration (around neck)
Wands
 M - a wand of lightning (7/15)
Scrolls
 d - 7 scrolls of teleportation
 h - a scroll of remove curse
 k - 3 scrolls of magic mapping
 l - 7 scrolls of enchant armour
 n - 2 scrolls of fog
 q - 2 scrolls of amnesia
 t - 2 scrolls of fear
 v - 4 scrolls of blinking
 y - a scroll of immolation
 E - 3 scrolls of recharging {unknown}
 F - 2 scrolls of identify
Potions
 b - 2 potions of heal wounds
 j - 2 potions of degeneration {unknown}
 m - a potion of ambrosia
 p - 9 potions of curing
 r - a potion of agility
 s - a potion of brilliance
 u - a potion of resistance {unknown}
 w - a potion of lignification {unknown}
 C - a potion of flight {unknown}
 J - a potion of magic {unknown}
 K - 3 potions of mutation {unknown}
Books
 I - a book of Geomancy

   Spells                             Type                      Level
   a - Sandblast                      Earth                        1
   b - Passwall                       Transmutation/Earth          2
   c - Stone Arrow                    Conjuration/Earth            3
   d - Petrify                        Transmutation/Earth          4
   e - Lee's Rapid Deconstruction     Earth                        5
Comestibles
 c - 8 bread rations
 A - 2 meat rations
 D - 6 royal jellies


   Skills:
 + Level 10.2 Fighting
 * Level 13.4 Long Blades
 - Level 3.2 Dodging
 - Level 1.5 Stealth


You had 8 spell levels left.
You didn't know any spells.

Dungeon Overview and Level Annotations

Branches:
Dungeon (9/15)             Temple (1/1) D:6
   Lair: D:8-11         Orc: D:9-12

Altars:
Ashenzari
Cheibriados
Dithmenos
Elyvilon
Fedhas
Gozag
Hepliaklqana
Kikubaaqudgha
Makhleb
Nemelex Xobeh
Okawaru
Qazlal
Ru
Sif Muna
Trog
Uskayaw
Vehumet
Xom
Yredelemnul
Zin
The Shining One

Shops:
D:6 !


Innate Abilities, Weirdness & Mutations

You reflexively headbutt those who attack you in melee.
You have a pair of large horns on your head.
Your mind is acute. (Int +2)
You are clumsy. (Dex -2)
Your body sometimes deteriorates upon taking damage.
Your muscles are strong. (Str +2)


Message History

You hear a mighty clap of thunder!
The bolt of lightning hits the two-headed ogre.
The two-headed ogre is moderately wounded.
The bolt of lightning hits the ogre.
The ogre is lightly wounded.
Evoking this partially-identified wand wasted a few charges.
You hear a shout! x2
You hit the two-headed ogre.
The two-headed ogre is heavily wounded.
You slash the two-headed ogre!
The two-headed ogre is severely wounded.
The two-headed ogre hits you with a giant club!
Your body deteriorates!
You feel dopey. The two-headed ogre barely misses you.
You slash the two-headed ogre!
The two-headed ogre is almost dead.
The two-headed ogre hits you with a giant club!!
* * * LOW HITPOINT WARNING * * *
The two-headed ogre hits you with a giant club!!
You die...

#..# #......###########.
#..# #..................
#..# #.########.........
'..# #.#......#.........
#..#######O#......#.........
...........#......'.........
...........#......#.........
#########..########.........
...... #.....OO@...........
...... #################+##
...... ....## ....# ....#
....# ....# .....


You could see a two-headed ogre and an ogre.

Vanquished Creatures
  A hornet (D:7)
  A spriggan (D:7)
  Edmund (D:6)
  A sky beast (D:8)
  An orc warrior (D:6)
  2 ice beasts
  2 black bears
  A phantom (D:6)
  4 centaurs
  5 ogres
  Blork the orc (D:6)
  3 bullfrogs
  A scorpion (D:4)
  4 killer bees (D:7)
  2 howler monkeys (D:8)
  2 crimson imps
  2 hounds
  A quasit (D:8)
  2 orc priests
  4 orc wizards
  3 bullfrog skeletons (D:5)
  A centaur skeleton (D:6)
  8 worker ants
  2 hound skeletons
  15 adders
  A howler monkey skeleton (D:7)
  2 oozes (D:2)
  8 worms
  4 dart slugs
  3 leopard geckos
  23 orcs
  3 ball pythons
  10 bats
  8 giant cockroaches
  7 goblins
  11 hobgoblins
  2 jackals (D:1)
  3 quokkas
  3 frilled lizards
  A jackal zombie (D:6)
  13 kobolds
  A leopard gecko skeleton (D:4)
  2 leopard gecko zombies (D:5)
  12 rats
  A plant (D:1)
188 creatures vanquished.

Notes
Turn   | Place    | Note
-------+----------+-------------------------------------------
     0 | D:1      | MatthieuS the Minotaur Monk began the quest for the Orb.
     0 | D:1      | Reached XP level 1. HP: 19/19 MP: 0/0
   144 | D:1      | Reached skill level 4 in Long Blades
   209 | D:1      | Reached XP level 2. HP: 23/27 MP: 1/1
   510 | D:1      | Reached XP level 3. HP: 33/33 MP: 2/2
   841 | D:2      | Reached skill level 5 in Long Blades
   906 | D:2      | Reached XP level 4. HP: 31/41 MP: 3/3
  1112 | D:2      | Found a white marble altar of Elyvilon.
  1233 | D:2      | Reached skill level 5 in Fighting
  1391 | D:2      | Found a glowing silver altar of Zin.
  1666 | D:3      | Reached XP level 5. HP: 48/48 MP: 4/4
  1713 | D:3      | Reached skill level 6 in Long Blades
  2305 | D:3      | Found a hazy altar of Hepliaklqana.
  2751 | D:4      | Reached skill level 7 in Long Blades
  2751 | D:4      | Reached XP level 6. HP: 46/56 MP: 5/5
  3677 | D:5      | Entered Level 5 of the Dungeon
  3816 | D:5      | Noticed an ice beast
  4032 | D:5      | Killed an ice beast
  4032 | D:5      | Reached skill level 8 in Long Blades
  4136 | D:5      | Reached XP level 7. HP: 56/63 MP: 6/6
  4445 | D:5      | Found a shadowy altar of Dithmenos.
  4594 | D:5      | Reached skill level 9 in Long Blades
  4892 | D:6      | Reached XP level 8. HP: 28/73 MP: 7/7
  5031 | D:6      | Found a staircase to the Ecumenical Temple.
  5046 | D:6      | Reached skill level 10 in Long Blades
  5058 | Temple   | Entered the Ecumenical Temple
  5140 | Temple   | Became a worshipper of Warmaster Okawaru
  5140 | Temple   | Reached * piety under Okawaru
  5140 | Temple   | Reached ** piety under Okawaru
  5170 | D:6      | Noticed Edmund
  5176 | D:6      | Killed Edmund
  5232 | D:6      | Found Kuloura's Distillery.
  5239 | D:6      | Bought a potion of heal wounds for 55 gold pieces
  5239 | D:6      | Bought a potion of might for 44 gold pieces
  5280 | D:6      | Found a hide-covered altar of Uskayaw.
  5391 | D:6      | Noticed Blork the orc
  5396 | D:6      | Killed Blork the orc
  5396 | D:6      | Reached skill level 11 in Long Blades
  5558 | D:7      | Noticed a hornet
  5950 | D:7      | Paralysed by a hornet for 3 turns
  5954 | D:7      | Killed a hornet
  5954 | D:7      | Reached *** piety under Okawaru
  5954 | D:7      | Reached XP level 9. HP: 22/83 MP: 8/8
  6325 | D:7      | Reached skill level 12 in Long Blades
  6587 | D:7      | Found a glowing silver altar of Zin.
  6959 | D:8      | Found a burning altar of Makhleb.
  7021 | D:8      | Found a blossoming altar of Fedhas.
  7040 | D:8      | Found a stormy altar of Qazlal.
  7250 | D:8      | Reached **** piety under Okawaru
  7250 | D:8      | Reached skill level 13 in Long Blades
  7254 | D:8      | Gained mutation: Your muscles are strong. (Str +2) [mutagenic meat]
  7255 | D:8      | Gained mutation: Your body sometimes deteriorates upon taking damage. [mutagenic meat]
  7256 | D:8      | Gained mutation: Your mind is acute. (Int +2) [mutagenic meat]
  7257 | D:8      | Gained mutation: You are clumsy. (Dex -2) [mutagenic meat]
  7258 | D:8      | Gained mutation: You have a pair of large horns on your head. [mutagenic meat]
  7382 | D:8      | Reached skill level 10 in Fighting
  7975 | D:9      | Noticed a two-headed ogre
  8010 | D:9      | Mangled by a two-headed ogre

Skill      XL: |  1  2  3  4  5  6  7  8  9 |
---------------+----------------------------+-----
Long Blades    | 4 5 7 8 9 11 13 | 13.4
Fighting       | 4 5 6 7 9 10 | 10.2
Dodging        | |  3.2
Stealth        | |  1.5

Action                   |  1- 3 |  4- 6 |  7- 9 || total
-------------------------+-------+-------+-------++-------
Melee: Falchion          |    96 |   217 |    59 ||   372
       Headbutt          |    19 |    46 |    69 ||   134
       Long sword        |       |       |   210 ||   210
Throw: Throwing net      |       |     1 |     1 ||     2
Evoke: Wand              |       |       |     1 ||     1
  Use: Scroll            |       |    11 |     9 ||    20
       Potion            |       |       |     4 ||     4
 Stab: Held in net/web   |       |       |     1 ||     1
       Distracted        |       |       |     1 ||     1
  Eat: Chunk             |       |    10 |     9 ||    19
       Bread ration      |       |       |     2 ||     2
Armor: Scale mail        |    49 |    33 |       ||    82
       Chain mail        |       |    63 |    28 ||    91
       Leather armour    |       |       |    64 ||    64
Dodge: Dodged            |    50 |   107 |   139 ||   296
Block: Buckler           |       |       |    22 ||    22
       Rpst.: Falchion   |    16 |    31 |    10 ||    57
       Long sword        |       |       |    29 ||    29
